 Dungeon Crawl Stone Soup version 0.30.0-5-g1a98f26d00 (webtiles) character file.

Game seed: 3892666137056124900

4037 H0rd4k the Carver (level 10, 0/77 HPs)
             Began as a Human Artificer on May 9, 2023.
             Was an Initiate of Gozag.
             Slain by Amaemon
             ... wielding a -1 demon whip of venom
              (4 damage)
             ... on level 8 of the Dungeon.
             The game lasted 00:10:32 (7531 turns).

H0rd4k the Carver (Human Artificer)                 Turns: 7531, Time: 00:10:33

Health: 0/77       AC: 13    Str: 12    XL:     10   Next: 48%
Magic:  15/15      EV: 13    Int: 17    God:    Gozag
Gold:   1103       SH:  0    Dex: 13    Spells: 16/16 levels left

rFire   + . .        t - +6 long sword of Urgency {freeze, rPois rF+}
rCold   . . .        (no shield)
rNeg    . . .        b - +0 leather armour
rPois   +            N - +0 helmet
rElec   .            J - +1 cloak
rCorr   +            F - +2 pair of gloves
SInv    .            (no boots)
Will    .....        M - amulet of magic regeneration
Stlth   +++          r - +4 ring of protection
HPRegen 0.32/turn    p - ring of resist corrosion
MPRegen 0.54/turn

%: no passive effects
@: lethally poisoned (0 -> -21), gold aura
A: no striking features
a: Renounce Religion, Potion Petition, Call Merchant, Bribe Branch


You were on level 8 of the Dungeon.
You worshipped Gozag.
Gozag was most pleased with you.
You visited 2 branches of the dungeon, and saw 9 of its levels.
You also visited: Sewer.

You collected 1131 gold pieces.
You paid 28 gold pieces to Gozag.

Inventory:

Hand Weapons
 t - the +6 long sword of Urgency (weapon) {freeze, rPois rF+}
   (You found it on level 2 of the Dungeon)

   rF:        It protects you from fire.
   rPois:     It protects you from poison.
 B - a +4 falchion of freezing
Missiles
 g - 6 silver boomerangs
 j - 16 poisoned darts
 m - 4 curare-tipped darts (quivered)
Armour
 b - a +0 leather armour (worn)
 C - an orb of light
 F - a +2 pair of gloves (worn)
 J - a +1 cloak (worn)
 N - a +0 helmet (worn)
Jewellery
 p - a ring of resist corrosion (right hand)
 r - a +4 ring of protection (left hand)
 D - a ring of willpower
 M - an amulet of magic regeneration (around neck)
Wands
 c - a wand of flame (47)
 d - a wand of charming (12)
Scrolls
 f - a scroll of amnesia {unknown}
 h - 2 scrolls of brand weapon {unknown}
 i - 5 scrolls of teleportation
 o - 3 scrolls of poison
 s - 2 scrolls of enchant weapon {unknown}
 u - 3 scrolls of immolation {unknown}
 y - a scroll of fear {unknown}
 A - 2 scrolls of magic mapping
 E - a scroll of torment
 G - a scroll of identify
 H - 2 scrolls of blinking
 I - a scroll of noise {unknown}
 L - a scroll of silence {unknown}
Potions
 a - 2 potions of invisibility {unknown}
 k - a potion of degeneration {unknown}
 l - 3 potions of curing
 n - 2 potions of cancellation
 q - a potion of flight {unknown}
 v - 2 potions of magic
 w - 2 potions of mutation {unknown}
 x - 4 potions of haste
 z - 3 potions of brilliance {unknown}
 K - 2 potions of heal wounds {unknown}


   Skills:
 + Level 6.3 Fighting
 + Level 9.7 Long Blades
 - Level 1.5 Maces & Flails
 + Level 0.6 Throwing
 - Level 2.0 Armour
 + Level 5.0 Dodging
 + Level 4.9 Stealth
 * Level 3.7 Spellcasting
 + Level 3.9 Evocations


You had 16 spell levels left.
You didn't know any spells.
Your spell library contained the following spells:

 Spells                   Type           Power      Damage    Failure   Level
 Apportation              Tloc           6%         N/A       21%         1
 Cigotuvi's Dreadful Rot  Necr/Pois/Air  6%         N/A       30%         2
 Dazzling Flash           Conj/Hex       6%         N/A       52%         3
 Ignite Poison            Fire/Tmut/Pois 3%         N/A       52%         3
 Manifold Assault         Tloc           3%         N/A       90%         4
 Agony                    Necr           3%         N/A       99%         5
 Alistair's Intoxication  Tmut/Pois      2%         N/A       99%         5
 Freezing Cloud           Conj/Ice/Air   1%         6-21      99%         5
 Silence                  Hex/Air        1%         N/A       99%         5
 Dispersal                Tloc           1%         N/A       100%        6
 Disjunction              Tloc           1%         N/A       100%        8
 Chain Lightning          Conj/Air       1%         3d2       100%        9
 Fire Storm               Conj/Fire      1%         8d1       100%        9
 Shatter                  Erth           1%         3d6*      100%        9


Dungeon Overview and Level Annotations

Branches:
Dungeon (8/15)             Temple (1/1) D:5           Sewer (visited)
   Lair: D:8-11

Altars:
Cheibriados
Dithmenos
Fedhas
Gozag
Hepliaklqana
Kikubaaqudgha
Nemelex Xobeh
Okawaru
Qazlal
Trog
Uskayaw
Vehumet
Wu Jian
Xom
Yredelemnul
Zin

Annotations:
D:8 Amaemon


Message History

Amaemon hits you but does no damage. Amaemon claws you but does no damage.
Amaemon misses you.
You closely miss Amaemon.
Amaemon is heavily wounded.
You feel sick. Amaemon barely misses you. Amaemon claws you.
Amaemon tail-slaps you.
You slash Amaemon! You freeze Amaemon.
Amaemon is severely wounded.
You feel sick.
Amaemon's tail lashes.
Amaemon hits you with a -1 demon whip of venom!
You are more poisoned.
Amaemon closely misses you. x2
Amaemon casts a spell.
You slash Amaemon! You freeze Amaemon.
Amaemon is almost dead.
You feel very sick.
The wyvern is no longer distracted by gold.
Amaemon barely misses you. Amaemon claws you but does no damage.
Amaemon tail-slaps you but does no damage.
The scorpion is distracted by your dazzling golden aura.
You closely miss Amaemon.
Amaemon is almost dead.
You feel very sick.
Amaemon hits you with a -1 demon whip of venom!
* * * LOW HITPOINT WARNING * * *
You are lethally poisoned!
Amaemon claws you.
* * * LOW HITPOINT WARNING * * *
Amaemon tail-slaps you but does no damage.
You hit Amaemon. You freeze Amaemon.
Amaemon is almost dead.
* * * LOW HITPOINT WARNING * * *
You feel very sick. Amaemon hits you but does no damage.
Amaemon barely misses you.
Amaemon tail-slaps you but does no damage.
Amaemon misses you. Amaemon claws you but does no damage.
Amaemon tail-slaps you.
You die...
Your body crumbles into a pile of gold.

###### #....# #....#
#....# #### #....# ....#
#######....#######.....#
.
.............s@6ls.....#
......###.########.....#
# ##...##.####### .....
######.#........... ..6.
.........##...#.... ...
................### ..
.##...........### $ .
.######..##...# ##
##..#...#


You could see Amaemon (fast), a wyvern and 2 scorpions.

Vanquished Creatures
  A two-headed ogre (D:8)
  Pikel (D:7)
  An orange demon (D:8)
  Prince Ribbit (D:5)
  2 water moccasins
  2 ice beasts
  A black bear (D:7)
  2 centaurs
  3 lemures (D:7)
  2 kobold brigands (Sewer)
  A gnoll sergeant (D:6)
  A bullfrog (D:8)
  3 scorpions
  9 wights (D:7)
  3 howler monkeys (D:7)
  A hound (D:4)
  3 jellies
  A sleepcap (D:6)
  Crazy Yiuf (D:6)
  Jessica (D:3)
  4 iguanas
  3 orc wizards
  7 gnolls
  11 adders
  3 river rats (Sewer)
  A shadow imp (D:7)
  2 ufetubi
  A worm (D:4)
  2 dart slugs
  17 orcs
  4 bats
  10 endoplasms
  12 giant cockroaches
  3 goblins
  5 hobgoblins
  4 jackals (Sewer)
  5 quokkas
  14 ball pythons
  7 frilled lizards
  7 kobolds
  8 rats
170 creatures vanquished.

Vanquished Creatures (collateral kills)
  Eustachio (D:5)
  An iguana (D:5)
2 creatures vanquished.

Grand Total: 172 creatures vanquished

Notes
Turn   | Place    | Note
-------+----------+-------------------------------------------
     0 | D:1      | H0rd4k the Human Artificer began the quest for the Orb.
     0 | D:1      | Reached XP level 1. HP: 15/15 MP: 1/1
   147 | D:1      | Found a faded altar of an unknown god.
   159 | D:1      | Reached XP level 2. HP: 14/21 MP: 2/2
   557 | D:1      | Reached XP level 3. HP: 9/26 MP: 3/3
  1053 | D:2      | Reached skill level 1 in Maces & Flails
  1304 | D:2      | Reached XP level 4. HP: 9/32 MP: 4/4
  1471 | D:2      | Identified the +6 long sword of Urgency {freeze, rPois rF+}
  2023 | D:3      | Noticed Jessica
  2027 | D:3      | Killed Jessica
  2081 | D:3      | Reached XP level 5. HP: 38/38 MP: 5/5
  2344 | D:3      | Found an opulent altar of Gozag.
  2447 | D:3      | Became a worshipper of Gozag Ym Sagoz the Greedy
  2739 | D:4      | Reached skill level 1 in Long Blades
  2748 | D:4      | Found a radiant altar of Vehumet.
  2804 | D:4      | Reached XP level 6. HP: 44/44 MP: 6/6
  2971 | D:4      | Found a glowing drain.
  3034 | Sewer    | Entered a sewer
  3113 | Sewer    | Reached skill level 2 in Long Blades
  3376 | Sewer    | Reached skill level 3 in Long Blades
  3376 | Sewer    | Reached XP level 7. HP: 40/51 MP: 7/7
  4464 | D:5      | Entered Level 5 of the Dungeon
  4595 | D:5      | Reached skill level 4 in Long Blades
  4682 | D:5      | Found a basalt altar of Yredelemnul.
  4682 | D:5      | Found a shadowy altar of Dithmenos.
  4708 | D:5      | Noticed Eustachio
  4711 | D:5      | Noticed Prince Ribbit
  4729 | D:5      | Killed Eustachio
  4730 | D:5      | Reached skill level 5 in Long Blades
  4730 | D:5      | Reached XP level 8. HP: 29/60 MP: 8/8
  4770 | D:5      | Found a staircase to the Ecumenical Temple.
  4779 | Temple   | Entered the Ecumenical Temple
  4980 | D:5      | Found a hazy altar of Hepliaklqana.
  5274 | D:5      | Killed Prince Ribbit
  5525 | D:6      | Reached skill level 6 in Long Blades
  6059 | D:6      | Found a runed translucent door.
  6060 | D:6      | Noticed Crazy Yiuf
  6067 | D:6      | Killed Crazy Yiuf
  6263 | D:7      | Reached skill level 7 in Long Blades
  6263 | D:7      | Reached XP level 9. HP: 66/66 MP: 9/9
  6458 | D:7      | Reached skill level 1 in Spellcasting
  6509 | D:7      | Reached skill level 5 in Fighting
  6664 | D:7      | Found a stormy altar of Qazlal.
  6870 | D:7      | Reached skill level 8 in Long Blades
  6951 | D:7      | Noticed Pikel
  6990 | D:7      | Killed Pikel
  6991 | D:7      | Reached XP level 10. HP: 51/75 MP: 12/14
  7351 | D:8      | Noticed a two-headed ogre
  7364 | D:8      | Killed a two-headed ogre
  7365 | D:8      | Reached skill level 9 in Long Blades
  7510 | D:8      | Noticed Amaemon
  7510 | D:8      | Noticed an orange demon
  7521 | D:8      | Killed an orange demon
  7522 | D:8      | Reached skill level 5 in Dodging
  7531 | D:8      | Slain by Amaemon

Illustrated notes

Levels and vault maps discovered:
D:1:      dpeg_arrival_prison, layout_rooms, ebering_ecumenical_altar_mist,
          hex_large
D:2:      layout_basic
D:3:      layout_loops_ring, mainiacjoe_overflow_alcove_4, uniq_jessica
D:4:      layout_loops_ring, vehumet_crystals, gup_sewer_entry_pipe,
          minmay_crystal_water
D:5:      layout_loops_cross, nicolae_overflow_hidden_temple,
          nzn_hepliaklqana_mist_gate, gammafunk_temple_overflow_wave,
          minmay_temple_entry_crystal_x, uniq_prince_ribbit1, uniq_eustachio
D:6:      nicolae_cairo_tiling, layout_cave_pools, minmay_tree_intersection,
          uniq_crazy_yiuf_cottage
D:7:      layout_rooms, nicolae_qazlal_eye_of_the_storm, kennysheep_cross_room,
          uniq_pikel
D:8:      layout_rooms, uniq_maurice, uniq_amaemon, uniq_erica, uniq_grum
Temple:   cyrus_temple_forest

Skill      XL: |  1  2  3  4  5  6  7  8  9 10 |
---------------+-------------------------------+-----
Maces & Flails | 1 |  1.5
Dodging        | 2 3 4 5 |  5.0
Stealth        | 2 3 4 |  4.9
Fighting       | 2 3 4 5 6 |  6.3
Long Blades    | 1 3 5 7 8 9 |  9.7
Spellcasting   | 3 |  3.7
Throwing       | |  0.6
Armour         | |  2.0
Evocations     | |  3.9

Action                     |  1- 3 |  4- 6 |  7- 9 | 10-12 || total
---------------------------+-------+-------+-------+-------++-------
  Melee: Club              |   140 |       |       |       ||   140
         Punch             |     1 |       |     3 |       ||     4
         Mace              |    22 |    13 |       |       ||    35
         Long sword        |       |   123 |   290 |    36 ||   449
  Throw: Dart              |       |       |       |     5 ||     5
  Evoke: Wand              |       |     2 |     2 |     5 ||     9
    Use: Scroll            |       |       |     8 |       ||     8
   Stab: Sleeping          |     3 |     5 |     6 |     1 ||    15
         Distracted        |       |       |     1 |       ||     1
 Armour: Leather armour    |    49 |    50 |    86 |    19 ||   204
  Dodge: Dodged            |   133 |    93 |   144 |    28 ||   398
